Map: 2000 Atmospheres LE

Players

Raza - Winner!

  • Race: Terran Terran

TeebuL

  • Race: Protoss Protoss

Event: DreamHack SC2 Masters 2021 Winter

VOD

Have the link to the VOD?

Description

Time

  • Played on: Oct. 2, 2021, 6:19 a.m.
  • Length: 8:14

All games in this series

Show
View Real Time Build Order
Export as new Build Order

Raza Terran - Winner!

Build Orders:  

Get SALT Encoding   

  12  0:00  SCV  
  13  0:12  SCV  
  14  0:17  Supply Depot  
  14  0:24  SCV  
  15  0:38  SCV, Barracks  
  16  0:45  Refinery  
  16  0:53  SCV  
  16  0:56  Refinery  
  17  1:05  SCV  
  18  1:17  SCV  
  19  1:25  Reaper  
  20  1:29  Orbital Command  
  20  1:36  Supply Depot  
  20  1:46  Factory  
  20  1:55  SCV  
  20  1:59  Reaper  
  22  2:07  SCV  
  23  2:20  SCV  
  24  2:25  Command Center  
  26  2:30  Widow Mine  
  26  2:32  SCV  
  27  2:41  Starport  
  27  2:49  SCV  
  27  2:50  Supply Depot  
  28  2:53  Widow Mine  
  28  2:57  Barracks Reactor  
  30  3:11  SCV  
  31  3:15  Widow Mine  
  31  3:18  Medivac  
  35  3:26  SCV  
  36  3:32  Barracks  
  36  3:36  Factory Tech Lab  
  36  3:37  Orbital Command  
  36  3:38  SCV, Marine  
  38  3:42  Marine  
  39  3:50  SCV  
  39  3:56  Starport Tech Lab  
  39  3:58  Siege Tank  
  39  4:02  SCV, Marine x2  
  44  4:04  SCV  
  44  4:09  Supply Depot  
  45  4:14  SCV  
  46  4:17  SCV  
  46  4:18  Barracks  
  47  4:25  Stimpack, Marine x2  
  47  4:26  SCV  
  47  4:30  SCV  
  51  4:39  SCV  
  51  4:42  SCV, Marine  
  51  4:44  Refinery, Engineering Bay  
  52  4:46  Marine x2  
  52  4:51  SCV  
  55  4:54  SCV  
  55  4:59  Factory Reactor, Starport Reactor  
  56  5:03  SCV, Refinery  
  56  5:04  Supply Depot, Marine  
  56  5:06  SCV  
  59  5:07  Marine x2  
  59  5:12  Terran Infantry Weapons Level 1  
  61  5:14  Marauder  
  61  5:15  SCV  
  61  5:18  SCV, Combat Shield  
  65  5:26  Marine x2  
  65  5:27  Marauder, SCV  
  70  5:30  Supply Depot  
  70  5:31  SCV  
  71  5:36  Widow Mine  
  71  5:37  Widow Mine  
  71  5:39  SCV  
  78  5:43  Marauder  
  78  5:46  Supply Depot  
  78  5:52  SCV, Marine x2  
  78  5:54  Marauder  
  78  5:56  Medivac  
  85  6:04  Widow Mine  
  85  6:08  Supply Depot, Concussive Shells, Medivac, Widow Mine  
  92  6:11  Marauder  
  92  6:13  Marine  
  92  6:14  Marine  
  92  6:18  Marauder  
  96  6:19  SCV  
  96  6:20  SCV  
  97  6:29  Widow Mine  
  97  6:30  Widow Mine  
  101  6:41  Marauder, Marine x2  
  101  6:44  SCV  
  100  6:57  Command Center, Barracks  
  100  6:58  Widow Mine  
  100  6:59  Widow Mine, Barracks  
  104  7:05  Marauder, Marine  
  105  7:11  Medivac  
  105  7:12  Medivac  
  107  7:19  Widow Mine  
  107  7:21  Widow Mine, SCV, Marine  
  107  7:22  Marauder  
  107  7:30  Marine  
  107  7:34  SCV  
  106  7:41  Marauder, Medivac x2, Marine  
  99  7:46  SCV  
  99  7:48  Missile Turret x2, Marine  
  99  7:51  Widow Mine  
  100  7:54  SCV  
Show
View Real Time Build Order
Export as new Build Order

TeebuL Protoss 

Build Orders: 1 Gate Expand, Blink Stalkers, Zealot Archon 

Get SALT Encoding   

  12  0:01  Probe  
  13  0:13  Probe  
  14  0:20  Pylon  
  14  0:25  Probe (Chrono Boost)  
  15  0:39  Probe (Chrono Boost)  
  16  0:42  Gateway  
  16  0:46  Probe (Chrono Boost)  
  17  0:53  Probe  
  17  0:56  Assimilator  
  18  1:05  Probe  
  19  1:18  Probe  
  20  1:31  Cybernetics Core  
  23  1:38  Nexus  
  20  1:45  Pylon  
  20  1:49  Probe  
  21  1:55  Assimilator  
  21  2:01  Probe  
  21  2:04  Stalker (Chrono Boost)  
  24  2:12  Warp Gate  
  24  2:14  Probe (Chrono Boost)  
  24  2:26  Probe (Chrono Boost)  
  24  2:27  Adept  
  27  2:31  Probe (Chrono Boost)  
  28  2:39  Twilight Council  
  28  2:41  Probe  
  29  2:51  Shield Battery  
  29  2:53  Probe x2  
  31  3:05  Probe x2  
  31  3:08  Blink (Chrono Boost)  
  32  3:17  Probe x2  
  34  3:24  Robotics Facility  
  34  3:30  Probe  
  34  3:31  Gateway  
  35  3:35  Gateway  
  35  3:40  Probe  
  36  3:47  Probe (Chrono Boost)  
  34  3:57  Probe (Chrono Boost)  
  34  3:59  Probe (Chrono Boost)  
  35  4:04  Stalker, Probe (Chrono Boost)  
  35  4:05  Probe (Chrono Boost)  
  39  4:12  Pylon  
  39  4:13  Probe  
  39  4:14  Observer  
  39  4:16  Probe  
  42  4:25  Probe  
  42  4:28  Stalker, Probe  
  42  4:29  Pylon  
  46  4:37  Probe  
  43  4:38  Observer  
  43  4:40  Stalker x2  
  43  4:41  Probe  
  48  4:47  Observer  
  48  4:49  Probe  
  50  4:53  Probe  
  51  5:01  Probe  
  51  5:02  Stalker  
  51  5:05  Probe  
  55  5:13  Stalker, Probe  
  58  5:16  Stalker  
  58  5:17  Probe  
  61  5:29  Charge (Chrono Boost)  
  61  5:31  Nexus  
  61  5:32  Pylon  
  62  5:35  Probe  
  62  5:39  Assimilator  
  62  5:42  Pylon  
  62  5:50  Probe  
  62  5:55  Probe  
  64  6:02  Gateway, Probe  
  64  6:04  Gateway  
  65  6:06  Gateway  
  65  6:09  Gateway  
  65  6:12  Dark Shrine  
  65  6:14  Probe, Pylon  
  66  6:18  Stalker  
  66  6:23  Probe  
  69  6:31  Zealot x2  
  71  6:35  Probe  
  72  6:42  Probe  
  72  6:46  Zealot  
  75  6:52  Immortal (Chrono Boost), Zealot x2  
  79  6:55  Shield Battery  
  81  7:03  Zealot x3  
  85  7:11  Zealot x2  
  85  7:13  Zealot x2  
  71  7:24  Stalker x3  
  65  7:33  Dark Templar  
  65  7:34  Zealot, Dark Templar x2  
  59  7:44  Archon  
  59  7:48  Stalker x2, Zealot  

Tags
 
Add a new tag
Caveats
  • Supply blocks, unpowered buildings, or Contaminate may cause inaccurate times.
  • Supply counts are checked every 10 seconds.